Map: Emerald City LE

Players

Massa

  • Race: Terran Terran
  • League: Platinum
  • Spawn Location: 11:00

qqq

  • Race: Protoss Protoss
  • League: Platinum
  • Spawn Location: 11:00

Александр

  • Race: Protoss Protoss
  • Spawn Location: 5:00

AngryJaguar

  • Race: Zerg Zerg
  • League: Diamond
  • Spawn Location: 5:00

VOD

Have the link to the VOD?

Description

Time

  • Played on: Dec. 13, 2020, 3:18 p.m.
  • Length: 12:48
Show
View Real Time Build Order
Export as new Build Order

Massa Terran 

Build Orders:  

Get SALT Encoding   

  12  0:00  SCV  
  13  0:12  SCV  
  14  0:22  Supply Depot  
  14  0:24  SCV  
  15  0:43  SCV  
  15  0:44  Barracks  
  16  0:55  Refinery, SCV  
  17  1:03  Refinery  
  17  1:07  SCV  
  18  1:20  SCV  
  19  1:30  Marine  
  19  1:32  SCV  
  21  1:43  Command Center  
  21  1:59  Factory  
  21  2:01  SCV  
  22  2:09  Supply Depot  
  22  2:13  SCV  
  23  2:30  Orbital Command, Marine  
  24  2:43  Starport  
  24  2:46  Factory Tech Lab  
  24  2:50  Reaper  
  25  2:55  SCV  
  25  2:57  SCV  
  29  3:17  SCV  
  29  3:19  Orbital Command  
  28  3:29  SCV  
  28  3:30  Fusion Core  
  29  3:36  Armory  
  29  3:38  Factory Reactor  
  29  3:43  Starport  
  29  3:45  Marine  
  29  3:47  SCV x2  
  32  3:59  SCV x2  
  34  4:10  Barracks Tech Lab  
  34  4:27  Refinery  
  34  4:28  Refinery  
  34  4:29  Battlecruiser  
  40  4:37  Starport Tech Lab  
  40  4:42  Command Center  
  40  4:43  SCV x2  
  42  4:55  SCV x2  
  42  4:58  Weapon Refit  
  44  5:07  Medivac  
  44  5:14  Supply Depot x2  
  46  5:29  Engineering Bay  
  48  5:35  SCV x2  
  47  5:53  SCV x2  
  45  6:00  Missile Turret  
  43  6:05  SCV x2  
  45  6:17  SCV x2  
  47  6:22  Battlecruiser  
  47  6:24  Battlecruiser  
  59  6:29  SCV  
  59  6:30  SCV  
  55  6:36  Marine  
  56  6:42  Barracks, Missile Turret  
  56  6:50  Barracks  
  56  6:51  SCV x2, Barracks  
  56  6:52  Barracks x2  
  56  6:54  Marine  
  58  6:55  SCV  
  60  7:03  SCV x2  
  60  7:07  SCV  
  63  7:15  SCV x2  
  64  7:19  SCV  
  65  7:26  Missile Turret  
  65  7:46  Marine  
  65  7:49  Stimpack  
  66  7:51  Marine  
  66  7:52  Marine x4  
  70  7:59  SCV x3  
  70  8:04  Marine  
  69  8:09  Marine x3  
  69  8:11  SCV x3  
  61  8:23  SCV x3  
  61  8:24  Marine x3  
  61  8:27  Marine x3  
  70  8:35  SCV  
  70  8:36  Terran Infantry Weapons Level 1  
  70  8:41  Engineering Bay  
  71  8:42  Marine x3, Terran Ship Weapons Level 1  
  71  8:44  Marine  
  71  8:45  Marine x2  
  77  9:02  Missile Turret  
  77  9:03  Missile Turret  
  77  9:04  Missile Turret  
  77  9:06  Supply Depot  
  77  9:07  Missile Turret, Supply Depot x2  
  77  9:09  Terran Infantry Armor Level 1, Supply Depot x2  
  77  9:24  Barracks Reactor, Missile Turret  
  77  9:25  Barracks Reactor  
  77  9:27  Barracks Tech Lab, Marine, Medivac  
  77  9:28  Barracks Reactor, SCV x2, Medivac  
  77  9:29  Barracks Reactor  
  77  9:30  Supply Depot  
  84  9:31  Supply Depot  
  84  9:33  Supply Depot  
  84  9:35  Orbital Command  
  84  9:37  Supply Depot  
  84  9:38  Supply Depot  
  84  9:40  SCV x2  
  86  9:47  Marauder x2  
  86  9:52  SCV x2  
  92  9:53  Widow Mine x2  
  92  9:56  Supply Depot, Combat Shield  
  92  9:59  Concussive Shells  
  96  10:01  SCV  
  96  10:04  SCV x2  
  99  10:08  Marauder x2  
  99  10:11  Marine x7  
  99  10:12  Marine  
  99  10:14  SCV  
  112  10:15  Widow Mine x2  
  112  10:16  SCV  
  112  10:19  SCV  
  118  10:26  SCV  
  119  10:28  SCV  
  119  10:31  SCV  
  121  10:36  Widow Mine  
  123  10:57  Refinery  
  123  10:59  Refinery  
  123  11:08  Command Center  
  123  11:17  Marine x9  
  134  11:18  Marauder  
  134  11:22  Widow Mine, Missile Turret  
  134  11:24  Widow Mine  
  138  11:28  SCV x3  
  141  11:34  Marine  
  141  11:35  Marine x7  
  141  11:36  Marauder  
  153  11:40  SCV, Marauder  
  153  11:42  Missile Turret  
  153  11:43  Widow Mine  
  153  11:45  Widow Mine  
  158  11:52  Marine  
  158  11:53  Marine x3  
  147  11:57  Marauder  
  102  12:02  Missile Turret  
  67  12:17  Marauder, Marine  
  67  12:18  Marauder, Marine x7  
  67  12:22  Missile Turret  
  77  12:24  Widow Mine  
  77  12:29  SCV  
  68  12:42  Missile Turret  
Show
View Real Time Build Order
Export as new Build Order

qqq Protoss 

Build Orders:  

Get SALT Encoding   

  12  0:01  Probe  
  13  0:19  Probe, Pylon  
  14  0:31  Probe  
  15  0:41  Forge  
  15  0:44  Probe  
  16  0:56  Probe  
  17  1:05  Pylon  
  17  1:27  Photon Cannon  
  17  1:28  Pylon  
  17  1:41  Pylon  
  17  1:42  Pylon  
  17  1:50  Photon Cannon  
  17  2:09  Pylon  
  17  2:11  Pylon  
  16  2:26  Pylon  
  16  2:38  Pylon  
  16  2:45  Photon Cannon  
  16  3:16  Nexus  
  16  3:23  Gateway  
  16  3:25  Pylon  
  16  3:37  Probe (Chrono Boost)  
  16  3:39  Pylon  
  17  3:47  Probe (Chrono Boost)  
  18  3:52  Probe (Chrono Boost)  
  18  3:55  Photon Cannon  
  19  4:03  Probe  
  19  4:07  Assimilator  
  20  4:12  Nexus  
  20  4:15  Probe  
  20  4:16  Pylon  
  21  4:25  Cybernetics Core  
  21  4:29  Probe (Chrono Boost)  
  22  4:34  Probe (Chrono Boost)  
  23  4:44  Probe x2 (Chrono Boost)  
  25  4:45  Photon Cannon  
  25  4:49  Probe (Chrono Boost)  
  25  4:51  Probe  
  27  4:58  Pylon  
  27  5:00  Probe  
  27  5:03  Probe  
  29  5:08  Assimilator  
  30  5:15  Probe (Chrono Boost)  
  30  5:16  Probe (Chrono Boost)  
  31  5:23  Photon Cannon  
  31  5:25  Probe (Chrono Boost)  
  31  5:27  Probe (Chrono Boost)  
  19  5:36  Probe  
  19  5:37  Photon Cannon  
  19  5:39  Probe  
  10  5:51  Probe  
  11  5:58  Probe  
  12  6:17  Stargate  
  12  6:33  Probe  
  12  6:34  Probe x2  
  15  6:46  Probe  
  16  6:57  Photon Cannon  
  16  7:06  Probe  
  16  7:07  Probe  
  16  7:08  Probe  
  19  7:19  Phoenix (Chrono Boost)  
  17  7:26  Probe  
  16  7:31  Probe  
  17  7:39  Probe  
  17  7:40  Probe  
  19  7:45  Probe  
  20  7:51  Probe  
  21  8:08  Probe x3  
  21  8:10  Phoenix  
  26  8:20  Probe (Chrono Boost)  
  26  8:23  Probe (Chrono Boost)  
  26  8:24  Protoss Air Weapons Level 1 (Chrono Boost)  
  28  8:31  Probe (Chrono Boost)  
  28  8:32  Probe (Chrono Boost)  
  31  8:35  Probe (Chrono Boost)  
  31  8:39  Probe (Chrono Boost)  
  31  8:40  Probe (Chrono Boost)  
  34  8:42  Probe (Chrono Boost), Assimilator  
  34  8:44  Probe (Chrono Boost)  
  34  8:47  Probe (Chrono Boost), Assimilator  
  36  8:51  Phoenix  
  36  8:55  Probe (Chrono Boost)  
  39  8:56  Probe (Chrono Boost)  
  39  8:58  Probe (Chrono Boost)  
  41  9:07  Probe x2 (Chrono Boost)  
  41  9:09  Probe (Chrono Boost)  
  44  9:20  Fleet Beacon  
  44  9:22  Probe  
  44  9:23  Probe x2  
  47  9:34  Probe  
  47  9:35  Probe x2, Phoenix  
  52  9:44  Assimilator  
  52  9:46  Assimilator  
  52  9:47  Probe x3 (Chrono Boost)  
  55  9:59  Probe x2 (Chrono Boost)  
  58  10:00  Probe (Chrono Boost)  
  58  10:04  Tempest  
  63  10:08  Probe x3 (Chrono Boost)  
  63  10:10  Stargate  
  63  10:13  Probe (Chrono Boost)  
  66  10:15  Robotics Facility  
  66  10:16  Probe  
  66  10:17  Probe  
  69  10:29  Probe x2  
  69  10:30  Probe  
  66  10:42  Probe  
  67  10:54  Pylon  
  67  10:57  Pylon  
  67  10:59  Nexus  
  67  11:01  Pylon  
  67  11:03  Observer, Pylon  
  68  11:12  Tempest  
  68  11:15  Tempest  
  68  11:17  Shield Battery  
  78  11:19  Probe  
  78  11:25  Observer  
  80  11:26  Nexus  
  80  11:32  Stargate  
  80  11:35  Pylon  
  80  11:54  Tempest  
  80  12:00  Tempest  
  88  12:08  Photon Cannon  
  88  12:12  Photon Cannon  
  88  12:13  Photon Cannon  
  88  12:16  Photon Cannon  
  88  12:17  Shield Battery  
  88  12:18  Photon Cannon  
Show
View Real Time Build Order
Export as new Build Order

Александр Protoss 

Build Orders: Oracle Opening, Carriers 

Get SALT Encoding   

  12  0:00  Probe  
  13  0:12  Probe  
  14  0:18  Pylon  
  14  0:24  Probe  
  15  0:37  Probe (Chrono Boost)  
  16  0:45  Gateway  
  16  0:49  Probe (Chrono Boost)  
  17  0:54  Assimilator  
  17  0:55  Probe (Chrono Boost)  
  18  1:03  Probe  
  19  1:11  Assimilator  
  19  1:14  Assimilator  
  19  1:15  Probe  
  20  1:27  Probe  
  20  1:29  Assimilator  
  21  1:39  Probe  
  22  1:53  Probe (Chrono Boost)  
  23  2:11  Pylon  
  23  2:12  Cybernetics Core  
  23  2:29  Probe (Chrono Boost)  
  24  2:41  Probe (Chrono Boost)  
  25  2:53  Stargate  
  25  2:58  Stargate  
  25  3:04  Stalker  
  27  3:28  Nexus  
  27  3:40  Oracle  
  30  3:47  Pylon  
  30  3:50  Assimilator  
  30  3:51  Probe (Chrono Boost)  
  31  4:07  Probe (Chrono Boost)  
  35  4:13  Probe (Chrono Boost), Oracle (Chrono Boost)  
  36  4:17  Oracle (Chrono Boost)  
  39  4:42  Probe (Chrono Boost)  
  40  4:46  Probe (Chrono Boost)  
  42  4:53  Protoss Air Weapons Level 1  
  42  4:55  Probe (Chrono Boost)  
  42  4:56  Probe (Chrono Boost)  
  43  5:02  Forge  
  43  5:04  Probe  
  43  5:06  Pylon  
  44  5:08  Probe  
  44  5:09  Fleet Beacon  
  44  5:10  Pylon  
  45  5:14  Assimilator  
  45  5:16  Probe  
  45  5:20  Probe  
  47  5:28  Probe  
  48  5:43  Void Ray (Chrono Boost)  
  48  5:44  Void Ray (Chrono Boost)  
  56  6:19  Probe x2  
  56  6:20  Photon Cannon  
  56  6:22  Stargate  
  58  6:31  Probe  
  58  6:32  Probe  
  60  6:44  Probe x2  
  60  6:46  Pylon  
  62  6:48  Carrier (Chrono Boost)  
  62  6:50  Pylon  
  68  6:56  Probe x2 (Chrono Boost)  
  68  7:01  Nexus  
  70  7:04  Pylon  
  70  7:06  Pylon  
  70  7:07  Probe x2 (Chrono Boost), Pylon  
  72  7:12  Probe (Chrono Boost)  
  73  7:16  Void Ray (Chrono Boost)  
  74  7:39  Probe x2  
  76  7:51  Probe  
  89  7:59  Carrier (Chrono Boost)  
  89  8:01  Carrier (Chrono Boost)  
  89  8:02  Assimilator  
  89  8:07  Assimilator  
  93  8:13  Void Ray (Chrono Boost)  
  93  8:18  Probe x3  
  96  8:30  Probe x3  
  99  8:38  Photon Cannon  
  99  8:41  Photon Cannon  
  99  8:43  Photon Cannon  
  99  8:46  Pylon  
  99  8:49  Pylon  
  99  8:52  Pylon  
  99  8:54  Pylon  
  99  8:55  Carrier  
  105  8:59  Carrier  
  105  9:01  Probe x3  
  114  9:13  Probe  
  114  9:14  Pylon  
  114  9:15  Nexus  
  115  9:19  Assimilator  
  115  9:20  Assimilator  
  115  9:25  Pylon  
  115  9:26  Probe x3, Pylon  
  115  9:28  Pylon  
  124  9:33  Carrier (Chrono Boost)  
  124  9:39  Photon Cannon  
  124  9:46  Pylon  
  124  9:48  Pylon  
  124  9:50  Pylon, Stargate  
  124  9:51  Stargate  
  124  10:03  Shield Battery  
  124  10:04  Shield Battery  
  124  10:06  Carrier (Chrono Boost)  
  124  10:07  Shield Battery  
  124  10:13  Carrier (Chrono Boost)  
  136  10:31  Shield Battery  
  136  10:32  Shield Battery  
  136  10:35  Void Ray (Chrono Boost), Shield Battery  
  136  10:36  Shield Battery  
  136  10:58  Probe  
  136  10:59  Probe x3  
  140  11:04  Carrier  
  148  12:02  Probe  
Show
View Real Time Build Order
Export as new Build Order

AngryJaguar Zerg 

Build Orders: Hatch First 

Get SALT Encoding   

  12  0:00  Drone  
  13  0:08  Drone  
  14  0:16  Overlord  
  14  0:34  Drone x3  
  17  0:53  Drone  
  18  0:58  Hatchery  
  17  1:09  Extractor, Drone  
  17  1:17  Spawning Pool  
  17  1:18  Drone  
  17  1:26  Drone  
  18  1:40  Extractor  
  17  1:48  Drone  
  17  1:49  Drone  
  19  2:05  Queen  
  21  2:09  Roach Warren  
  20  2:19  Zergling x6  
  20  2:20  Zergling x2  
  24  2:40  Spine Crawler  
  23  2:47  Zergling x6  
  26  3:09  Roach  
  26  3:12  Roach  
  25  3:21  Drone x3  
  27  3:54  Overlord x2  
  27  4:14  Overlord  
  27  4:15  Roach x7  
  41  4:23  Queen  
  43  4:42  Drone  
  43  4:43  Drone x4  
  48  4:46  Overlord  
  48  4:57  Drone x2  
  48  4:58  Drone  
  51  5:15  Ravager x5  
  51  5:17  Ravager x2  
  52  5:54  Drone  
  52  5:55  Drone x2, Queen x2  
  59  5:58  Spore Crawler  
  59  5:59  Spore Crawler  
  59  6:01  Drone x3  
  59  6:03  Overlord x2  
  59  6:13  Hatchery  
  57  6:19  Spore Crawler  
  57  6:20  Spore Crawler  
  55  6:29  Drone x4  
  57  6:39  Drone x2  
  59  6:44  Drone  
  60  6:56  Drone x3  
  63  7:14  Drone x4  
  67  7:28  Lair  
  67  7:33  Evolution Chamber  
  67  7:34  Evolution Chamber  
  65  7:39  Extractor  
  65  7:40  Extractor  
  49  8:15  Drone  
  49  8:16  Drone x2  
  49  8:19  Zerg Missile Weapons Level 1, Zerg Ground Armor Level 1  
  46  8:27  Drone x5  
  46  8:32  Drone x9  
  46  8:33  Drone x6  
  66  8:47  Hydralisk Den  
  65  8:55  Spore Crawler  
  65  8:58  Drone x4  
  65  8:59  Spore Crawler x2  
  66  9:08  Overlord x5  
  66  9:09  Overlord  
  66  9:15  Hatchery  
  65  9:30  Hydralisk x8  
  65  9:31  Hydralisk  
  81  9:36  Grooved Spines  
  83  9:48  Hydralisk x5  
  83  9:50  Hydralisk  
  95  9:55  Hydralisk  
  95  9:56  Hydralisk  
  99  10:06  Hydralisk x4  
  107  10:15  Hydralisk x4  
  107  10:17  Hydralisk  
  117  10:22  Zerg Missile Weapons Level 2  
  117  10:26  Zerg Ground Armor Level 2  
  117  10:47  Muscular Augments  
  117  10:49  Hatchery  
  116  10:56  Hydralisk x6  
  118  10:57  Overlord x2  
  118  10:58  Overlord x2  
  128  11:07  Extractor, Drone  
  128  11:08  Extractor  
  128  11:09  Drone  
  128  11:17  Metabolic Boost  
  128  11:29  Hydralisk x8  
  128  11:30  Zergling x2  
  128  11:31  Zergling x8  
  137  12:15  Hydralisk x11  
Tags
 
Add a new tag
Caveats
  • Supply blocks, unpowered buildings, or Contaminate may cause inaccurate times.
  • Supply counts are checked every 10 seconds.